 Dungeon Crawl Stone Soup version 0.22-a0-858-g985ef60 (webtiles) character file.

105 inc the Conjurer (level 4, 0/39 HPs)
             Began as an Ogre Wizard on July 27, 2018.
             Succumbed to an orc wizard's poison
             ... on level 2 of the Dungeon.
             The game lasted 00:02:32 (2237 turns).

inc the Conjurer (Ogre Wizard)                      Turns: 2237, Time: 00:02:32

Health: 0/39       AC:  3    Str: 17    XL:     4   Next: 83%
Magic:  6/9        EV: 10    Int: 19    God:
Gold:   97         SH:  0    Dex:  7    Spells: 1/10 levels left

rFire    . . .     SeeInvis .   f - +0 whip
rCold    . . .     Gourm    .   (no shield)
rNeg     . . .     Faith    .   a - +0 robe
rPois    .         Spirit   .   b - +0 hat
rElec    .         Reflect  .   (no cloak)
rCorr    .         Harm     .   (gloves unavailable)
MR       .....                  (boots unavailable)
Stlth    +.........             (no amulet)
HPRegen  0.13/turn              (no ring)
MPRegen  0.11/turn              (no ring)

@: mighty, lethally poisoned (0 -> -5), very slightly contaminated
A: large, unfitting armour, tough skin 1
a: no special abilities


You were on level 2 of the Dungeon.
You were hungry.

You visited 1 branch of the dungeon, and saw 3 of its levels.

You collected 97 gold pieces.

Inventory:

Hand Weapons
 e - a +0 dagger
 f - a +0 whip (weapon)
Armour
 a - a +0 robe (worn)
 b - a +0 hat (worn)
Scrolls
 c - 3 scrolls of remove curse {unknown}
 g - 2 scrolls of identify {unknown}
 h - 6 scrolls of teleportation {unknown}
 i - a scroll of amnesia {unknown}
Comestibles
 d - 4 rations


   Skills:
 - Level 1.7 Dodging
 - Level 1.4 Stealth
 - Level 3.6 Spellcasting
 + Level 4.1 Conjurations
   Level 0.8 Summonings
 - Level 0.8 Translocations


You had one spell level left.
You knew the following spells:

 Your Spells              Type           Power        Failure   Level  Hunger
a - Magic Dart            Conj           ###.         2%          1    None
b - Conjure Flame         Conj/Fire      ##......     19%         3    ###....
c - Mephitic Cloud        Conj/Pois/Air  #.......     24%         3    ###....
d - Blink                 Tloc           N/A          16%         2    ##.....

Your spell library contained the following spells:

 Spells                   Type           Power        Failure   Level  Hunger
 Slow                     Hex            #.......     22%         2    ##.....
 Call Imp                 Summ           #.......     16%         2    ##.....


Dungeon Overview and Level Annotations

Branches:
Dungeon (3/15)

Altars:
Kikubaaqudgha


Innate Abilities, Weirdness & Mutations

You are too large for most types of armour.
You have tough skin. (AC +1)


Message History

Unknown command.
* * * LOW HITPOINT WARNING * * *
You feel sick.
Items here: )) [ † a dagger of venom; a robe; a short sword of venom; an orc corpse
* * * LOW HITPOINT WARNING * * *
You feel sick.
* * * LOW HITPOINT WARNING * * *
You feel sick.
* * * LOW HITPOINT WARNING * * *
You feel sick.
* * * LOW HITPOINT WARNING * * *
You feel sick.
* * * LOW HITPOINT WARNING * * *
You feel sick.
* * * LOW HITPOINT WARNING * * *
You feel sick.
* * * LOW HITPOINT WARNING * * *
You feel sick.
You die...

#.##.# #.##...#
#.....# # .#.#.#
#.##.#.#
#.....##### ..##.#
#......#
#.....##... #..#.#
####.###
#.....##.## ##...#
#..# #....(##.##
#..###
###.###########.##
..## #.....>....#
#.## .#.#
#.#..#.###.####.##
#.##
#@#..#.#..........
.#.#
#.#......#.###.###
####
#.##.#...#.###.###
#.................
####.......###.###
#####.......#
#########


There were no monsters in sight!

Vanquished Creatures
  An orc wizard (D:2)
  A gnoll (D:1)
  An adder (D:2)
  3 dart slugs
  2 leopard geckos
  An orc (D:2)
  8 bats
  A bat zombie (D:2)
  2 giant cockroaches (D:2)
  4 goblins
  4 hobgoblins
  6 jackals
  3 kobolds
  A ball python (D:1)
  3 frilled lizards (D:1)
  5 rats
  2 rat zombies (D:2)
48 creatures vanquished.

Notes
Turn   | Place    | Note
-------+----------+-------------------------------------------
     0 | D:1      | inc the Ogre Wizard began the quest for the Orb.
     0 | D:1      | Reached XP level 1. HP: 16/16 MP: 5/5
    13 | D:1      | Reached skill level 1 in Conjurations
   196 | D:1      | Reached XP level 2. HP: 24/24 MP: 2/6
   271 | D:1      | Reached skill level 2 in Conjurations
   334 | D:1      | Reached XP level 3. HP: 19/31 MP: 0/8
   452 | D:1      | Learned a level 3 spell: Conjure Flame
   456 | D:1      | Learned a level 3 spell: Mephitic Cloud
   459 | D:1      | Learned a level 2 spell: Blink
   995 | D:1      | Reached skill level 3 in Conjurations
  1678 | D:2      | Reached XP level 4. HP: 32/39 MP: 1/9
  2148 | D:2      | Found an ancient bone altar of Kikubaaqudgha.
  2226 | D:2      | Reached skill level 4 in Conjurations
  2235 | D:2      | HP: 1/39 [poisoned by an orc wizard]
  2237 | D:2      | Succumbed to an orc wizard's poison

Vault maps used:
D:1:      dpeg_arrival_rhombus, minmay_misc_feat_alley, fountainhead,
          corexii_leaking_fountain, grunt_decor_arrowhead,
          minmay_shallow_snake_nest
D:2:      minmay_diamond_boxcup, lemuel_zombie_altar_kikubaaqudgha,
          serial_bayou_pond_e
D:3:      serial_park_tiny_pond

Skill      XL: |  1  2  3  4 |
---------------+-------------+-----
Conjurations   | 1 2 3 4 |  4.1
Dodging        | |  1.7
Stealth        | |  1.4
Spellcasting   | |  3.6
Summonings     | |  0.8
Translocations | |  0.8

Action                   |  1- 3 |  4- 6 || total
-------------------------+-------+-------++-------
Melee: Dagger            |    17 |       ||    17
       Whip              |     4 |     2 ||     6
 Cast: Magic Dart        |    74 |    24 ||    98
  Use: Potion            |       |     2 ||     2
  Eat: Chunk             |     2 |     1 ||     3
Armor: Robe              |    10 |     7 ||    17
Dodge: Dodged            |    28 |    10 ||    38

Table legend:
 A = Spawn XP
 B = Non-spawn XP
 C = Spawn XP percentage of total XP
 D = Spawn monster count
 E = Non-spawn monster count
 F = Spawn count percentage of total count
 G = Total turns spent on level
                    A         B        C        D         E        F      G
               +---------+---------+-------+---------+---------+-------+---------
         Total |       0 |     151 |   0.0 |       0 |      48 |   0.0 |  2237
               +---------+---------+-------+---------+---------+-------+---------
           D:1 |       0 |      63 |   0.0 |       0 |      28 |   0.0 |  1317
           D:2 |       0 |      88 |   0.0 |       0 |      20 |   0.0 |   917
               +---------+---------+-------+---------+---------+-------+---------
